 Dungeon Crawl Stone Soup version 0.30.0-29-ga12c61a403 (webtiles) character file.

Game seed: 12380515410818378828

1366 hawla the Firebug (level 9, -3/62 (63) HPs)
             Began as a Meteoran Fire Elementalist on June 9, 2023.
             Was an Initiate of Vehumet.
             Slain by a wight
             ... wielding a +4 halberd
              (17 damage)
             ... on level 7 of the Dungeon on June 10, 2023.
             The game lasted 00:10:35 (1983 turns).

hawla the Firebug (Meteoran Fire Elementalist)      Turns: 1983, Time: 00:10:36

HP:   -3/62 (63)    AC:  6    Str: 10    XL:     9   Next: 17%
MP:   8/21          EV: 13    Int: 21    God:    Vehumet [......]
Gold: 170           SH:  0    Dex: 15    Spells: 15/22 levels left

rFire   . . .        b - +2 flail (freeze)
rCold   . . .        (no shield)
rNeg    . . .        a - +1 robe
rPois   .            (no helmet)
rElec   .            (no cloak)
rCorr   .            h - +2 pair of gloves
SInv    +            (no boots)
Will    +....        (no amulet)
Stlth   +            o - ring of see invisible
HPRegen 0.30/turn    (no ring)
MPRegen 0.17/turn

%: no passive effects
@: about to teleport, glowing, lightly drained
A: sense surroundings 2, otherworldly, glowing, explore regen
a: Renounce Religion


You were on level 7 of the Dungeon.
You worshipped Vehumet.
Vehumet was noncommittal.
You visited 2 branches of the dungeon, and saw 8 of its levels.

You collected 170 gold pieces.

Inventory:

Hand Weapons
 b - a +2 flail of freezing (weapon)
Armour
 a - a +1 robe (worn)
 h - a +2 pair of gloves (worn)
Jewellery
 o - a ring of see invisible (left hand)
Wands
 f - a wand of charming (11) (quivered)
 k - a wand of quicksilver (3)
 l - a wand of polymorph (9)
Scrolls
 j - a scroll of torment {unknown}
 n - a scroll of vulnerability {unknown}
Potions
 d - a potion of brilliance
 e - 2 potions of haste {unknown}
 g - a potion of curing
 i - 2 potions of mutation {unknown}
 m - 2 potions of heal wounds {unknown}


   Skills:
 + Level 0.8 Fighting
 + Level 4.1 Dodging
 - Level 1.4 Stealth
 + Level 7.3 Spellcasting
 + Level 6.2 Conjurations
 + Level 7.4 Fire Magic
 + Level 3.0 Evocations


You had 15 spell levels left.
You knew the following spells:

 Your Spells              Type           Power      Damage    Failure   Level
a - Foxfire               Conj/Fire      100%       2x1d9     1%          1
b - Scorch                Fire           78%        2d8       1%          2
c - Flame Wave            Conj/Fire      36%        2d10      4%          4

Your spell library contained the following spells:

 Spells                   Type           Power      Damage    Failure   Level
 Inner Flame              Hex/Fire       23%        N/A       5%          3
 Volatile Blastmotes      Fire/Tloc      46%        2d13      5%          3
 Lesser Beckoning         Tloc           14%        N/A       13%         2
 Gell's Gravitas          Tloc           7%         N/A       26%         3
 Teleport Other           Tloc           7%         N/A       26%         3
 Malign Gateway           Summ/Tloc      3%         N/A       100%        7
 Summon Horrible Things   Summ           3%         N/A       100%        8


Dungeon Overview and Level Annotations

Branches:
Dungeon (7/15) Zot: 2400   Temple (1/1) D:6 Zot: 418

Altars:
Cheibriados
Dithmenos
Gozag
Hepliaklqana
Kikubaaqudgha
Makhleb
Okawaru
Qazlal
Sif Muna
Uskayaw
Vehumet
Xom
Yredelemnul
Zin
The Shining One


Innate Abilities, Weirdness & Mutations

You passively map the area around you.
You are easily found by Zot.
You glow in the dark.
You regain HP and MP as you explore.


Message History

You destroy the wight!
Vehumet accepts your kill. (Press . to intensify the flame waves.)
You hear a shout! x2
The wight closely misses you. The gnoll sergeant closely misses you.
Your Dodging skill increases to level 4!
A wave of flame ripples out!
The flame wave engulfs the wight!
The wight is almost destroyed.
The flame wave engulfs the wight but does no damage.
The flame wave engulfs the gnoll sergeant!
The gnoll sergeant is moderately wounded.
The flame wave engulfs the gnoll!
You kill the gnoll!
Vehumet accepts your kill.
The wight hits you from afar with a +4 halberd!
You feel drained.
The gnoll sergeant hits you but does no damage.
A gnoll comes into view. It is wielding a +0 spear.
The wight hits you with a +3 great sword!
You feel drained.
A wave of flame ripples out!
The flame wave engulfs the wight!
You destroy the wight!
Vehumet accepts your kill.
The flame wave engulfs the wight!
The wight is heavily damaged.
The flame wave engulfs the gnoll sergeant but does no damage.
The gnoll sergeant is moderately wounded.
You finish channelling waves of flame.
The gnoll sergeant hits you from afar with a +0 trident.
The wight hits you from afar with a +4 halberd.
As you read the scroll of teleportation, it crumbles to dust.
You feel strangely unstable.
The gnoll sergeant completely misses you.
The wight hits you from afar with a +4 halberd!
* * * LOW HITPOINT WARNING * * *
It was a potion of curing.
You feel better.
The gnoll sergeant hits you from afar with a +0 trident!
* * * LOW HITPOINT WARNING * * *
The wight hits you from afar with a +4 halberd!
You die...

, ** ,, * * ,, , *
.......#*## * ,, ,
**#......##.# ,,, ,
###.........## , , , ,,
#............. , ,
##............. * **, **
* ##............?. , , ,
##...z........... , * ,,
, #..@)....<.......,, ,,
...................... ,
.#.......g)..!....##.. ,
, ,#..........g........
..........#).##.....# ,
**..............##.....#
, *, *.........#...##
.....# ........[#..##
.....# * * * , ,, ,...
#.# , .... ,


You could see a gnoll sergeant, a wight and a gnoll.

Vanquished Creatures
  2 water moccasins
  2 ogres
  A phantom (D:6)
  2 scorpions
  5 wights
  A jelly (D:5)
  3 hounds
  2 orc priests (D:4)
  Natasha (D:3)
  6 iguanas
  A sleepcap (D:5)
  5 gnolls
  5 adders
  2 ufetubi
  A worm (D:4)
  12 orcs
  A bat (D:1)
  4 endoplasms (D:4)
  2 giant cockroaches
  2 goblins (D:4)
  4 hobgoblins
  A quokka (D:1)
  2 ball pythons
  5 kobolds
  A rat (D:3)
73 creatures vanquished.

Vanquished Creatures (others)
  197 foxfires
197 creatures vanquished.

Grand Total: 270 creatures vanquished

Notes
Turn   | Place    | Note
-------+----------+-------------------------------------------
     0 | D:1      | hawla the Meteoran Fire Elementalist began the quest for
                  | the Orb.
     0 | D:1      | Reached XP level 1. HP: 14/14 MP: 5/5
   121 | D:1      | Reached XP level 2. HP: 16/22 MP: 4/6
   171 | D:3      | Reached XP level 3. HP: 27/27 MP: 5/8
   174 | D:3      | Learned a level 2 spell: Scorch
   188 | D:3      | Noticed Natasha
   194 | D:3      | Killed Natasha
   195 | D:3      | Reached XP level 4. HP: 24/34 MP: 2/9
   200 | D:3      | Learned a level 4 spell: Flame Wave
   269 | D:3      | Found a faded altar of an unknown god.
   399 | D:4      | Reached XP level 5. HP: 15/39 MP: 1/10
   459 | D:4      | Found an iron altar of Okawaru.
   522 | D:4      | Reached skill level 1 in Evocations
   522 | D:4      | Reached XP level 6. HP: 35/46 MP: 6/11
   586 | D:4      | Found a hide-covered altar of Uskayaw.
   831 | D:4      | Reached skill level 5 in Fire Magic
   831 | D:4      | Reached XP level 7. HP: 51/51 MP: 9/13
   903 | D:5      | Entered Level 5 of the Dungeon
  1000 | D:5      | Reached skill level 5 in Conjurations
  1141 | D:5      | Reached skill level 5 in Spellcasting
  1172 | D:5      | Noticed a water moccasin
  1175 | D:5      | Killed a water moccasin
  1176 | D:5      | Reached XP level 8. HP: 58/58 MP: 11/17
  1502 | D:6      | Found a staircase to the Ecumenical Temple.
  1748 | Temple   | Entered the Ecumenical Temple
  1914 | Temple   | Became a worshipper of Vehumet
  1965 | D:7      | Gained mutation: You passively map the area around you.
                  | [Meteoran growth]
  1965 | D:7      | Reached XP level 9. HP: 63/63 MP: 14/20
  1983 | D:7      | Slain by a wight

Illustrated notes

Levels and vault maps discovered:
D:1:      dpeg_arrival_triangle_fractal, layout_loops_corners, minivault_27,
          chequers_big_river, minivault_11
D:2:      layout_loops_corners, serial_shops, shop
D:3:      layout_basic, lightli_temple_of_fire, fedhas_altar_1,
          mainiacjoe_overflow_divided_tiny, nicolae_ecumenical_lake_church,
          gammafunk_ghost_nasty_kobolds, uniq_natasha
D:4:      layout_cave_pools, mainiacjoe_overflow_chevrons, okawaru_gym_becter
D:5:      layout_cave_pools
D:6:      layout_loops_corners, minmay_temple_entry_slanted
D:7:      layout_cave_pools, serial_shops, nicolae_shop_dealshenge,
          minmay_nine_imps
Temple:   hellmonk_temple_forest_ring

Skill      XL: |  1  2  3  4  5  6  7  8  9 |
---------------+----------------------------+-----
Fire Magic     | 4 5 6 7 |  7.4
Spellcasting   | 3 5 6 7 |  7.3
Conjurations   | 3 4 5 6 |  6.2
Evocations     | 1 3 |  3.0
Dodging        | 3 4 |  4.1
Fighting       | |  0.8
Stealth        | |  1.4

Action                     |  1- 3 |  4- 6 |  7- 9 || total
---------------------------+-------+-------+-------++-------
  Melee: Unarmed           |     8 |     4 |       ||    12
   Cast: Foxfire           |    19 |    57 |    39 ||   115
         Scorch            |     1 |     9 |    21 ||    31
         Flame Wave        |       |       |     4 ||     4
    Use: Scroll            |     1 |     6 |     4 ||    11
         Potion            |       |     1 |     1 ||     2
 Armour: Robe              |     3 |     6 |     5 ||    14
  Dodge: Dodged            |     7 |     5 |     9 ||    21
